 Dungeon Crawl Stone Soup version 0.27.0-65-ge2af304b15 (webtiles) character file.

Game seed: 3236635113446959293

32 Malachi the Magician (level 3, -7/25 HPs)
             Began as a Djinni Enchanter on Aug 18, 2021.
             Was a Plaything of Xom.
             Killed by nerve-wracking pain
             ... invoked by a shadow imp
             ... summoned by Xom
              (13 damage)
             ... on level 2 of the Dungeon.
             The game lasted 00:02:33 (1582 turns).

Malachi the Magician (Djinni Enchanter)             Turns: 1582, Time: 00:02:33

Health: -7/25      AC:  2    Str:  7    XL:     3   Next: 45%
Gold:   19         EV: 12    Int: 17    God:    Xom [.*....] SH:  0 Dex: 13

rFire    + + .     SeeInvis .   a - +1 dagger
rCold    x . .     Faith    .   (no shield)
rNeg     . . .     Spirit   .   b - +0 robe
rPois    ∞         Reflect  .   (no helmet)
rElec    .         Harm     .   (no cloak)
rCorr    .         Rampage  .   (no gloves)
Will     .....                  (boots unavailable)
Stlth    ++........             (no amulet)
HPRegen  0.08/turn              (no ring)
MPRegen  0.00/turn              (no ring)

@: flying
A: sickness immunity, fire resistance 2, cold vulnerability 1, float, innate
caster, hp casting, extra vitality 1
a: Renounce Religion


You were on level 2 of the Dungeon.
You worshipped Xom.
You were a plaything of Xom.
You visited 1 branch of the dungeon, and saw 2 of its levels.

You collected 19 gold pieces.

Inventory:

Hand Weapons
 a - a +1 dagger (weapon)
Armour
 b - a +0 robe (worn)
Scrolls
 f - a scroll of identify
Potions
 c - a potion of curing


   Skills:
 + Level 0.2 Fighting
 * Level 1.0 Short Blades
 + Level 2.3 Dodging
 * Level 2.9 Stealth
 * Level 2.9 Spellcasting


You couldn't memorise any spells.
You knew the following spells:

 Your Spells              Type           Power      Damage    Failure   Level
a - Corona                Hex            13%        N/A       5%          1
b - Ensorcelled Hibernat  Hex/Ice        24%        N/A       8%          2
c - Confusing Touch       Hex            12%        N/A       16%         3
d - Tukima's Dance        Hex            12%        N/A       16%         3
e - Dazzling Flash        Conj/Hex       24%        N/A       16%         3
f - Summon Small Mammal   Summ           48%        N/A       5%          1
Your spell library was empty.

Dungeon Overview and Level Annotations

Branches:
Dungeon (2/15)

Altars:
Xom

Shops:
D:1 ?   D:2 *


Innate Abilities, Weirdness & Mutations

You are immune to sickness and miasma.
You are immune to poison.
Your flesh is very heat resistant. (rF++)
You are vulnerable to cold. (rC-)
You float through the air rather than walking.
You learn spells naturally, not from books.
Your magical power is your life essence.
You have superior vitality. (+4 HP)


Message History

What are your orders? t - Shout!
Orders for allies: a - Attack new target. r - Retreat! s - Stop attacking. g - Guard the area. f - Follow me.
Anything else - Cancel.
Gang up on whom?
Press: ? - help, Dir - move target, f - shadow imp
Aim: a shadow imp (summoned, confused) Attack!
The shadow imp closely misses the gnoll.
The gnoll barely misses the gnoll.
What are your orders? t - Shout!
Orders for allies: a - Attack new target. p - Attack previous target. r - Retreat! s - Stop attacking. g - Guard the area. f - Follow me.
Anything else - Cancel.
Gang up on whom?
Press: ? - help, Dir - move target, f - gnoll, p - shadow imp
Aim: a gnoll, wielding a +0 whip Attack!
The gnoll hits the gnoll with a +1 whip of electrocution.
Lightning courses through the gnoll!
The gnoll is killed!
A goblin comes into view. It is wielding a +2 dagger of draining.
Found a stone staircase leading down.
Found 2 gold pieces.
The shadow imp gestures at you.
You barely resist.
You see here 2 gold pieces.
The shadow imp gestures at you. Pain shoots through your body!
Ouch! That really hurt!
* * * LOW HITPOINT WARNING * * *
The shadow imp gestures at you. Pain shoots through your body!
Ouch! That really hurt!
You die...
Xom roars with laughter!

# #.
##.#####################
.>.........g............
#........g.5..$.@.......
#####.#.################
###..∩..# ....#g###
....[g#### .........#
......##g# ########.#
#....# #g#


You could see 2 gnolls and a shadow imp (summoned).

Vanquished Creatures
  A gnoll (D:2)
  An adder (D:2)
  2 endoplasms (D:1)
  2 giant cockroaches (D:1)
  A goblin (D:1)
  A jackal (D:1)
  2 bats (D:1)
  A frilled lizard (D:1)
  3 kobolds (D:1)
  3 rats (D:1)
17 creatures vanquished.

Vanquished Creatures (collateral kills)
  A goblin (D:1)
  A hobgoblin (D:1)
  2 jackals (D:1)
  A bat (D:1)
  A rat (D:1)
6 creatures vanquished.

Grand Total: 23 creatures vanquished

Notes
Turn   | Place    | Note
-------+----------+-------------------------------------------
     0 | D:1      | Malachi the Djinni Enchanter began the quest for the Orb.
     0 | D:1      | Reached XP level 1. HP: 15/15 MP: 0/0
   325 | D:1      | Found a faded altar of an unknown god.
   348 | D:1      | Became a worshipper of Xom of Bone-Dry Humour
   535 | D:1      | XOM: silly message
   581 | D:1      | XOM: divination: detect items
   589 | D:1      | XOM: butterfly on damage
   592 | D:1      | Reached XP level 2. HP: 11/21 MP: 0/0
   871 | D:1      | XOM: silly message
  1029 | D:1      | XOM: summons friendly shadow imp
  1121 | D:1      | Found Karchipo's Magic Scroll Emporium.
  1175 | D:1      | Reached skill level 1 in Short Blades
  1478 | D:2      | Reached XP level 3. HP: 11/25 MP: 0/0
  1478 | D:2      | Learned a level 1 spell: Summon Small Mammal
  1545 | D:2      | XOM: summons 2 hostile demons
  1557 | D:2      | XOM: confusion (+ monsters)
  1564 | D:2      | Found Jank's General Store.
  1582 | D:2      | Killed from afar by a shadow imp

Illustrated notes

Levels and vault maps discovered:
D:1:      minmay_arrival_plants_in_alcoves, layout_rooms,
          hellmonk_ecumenical_altar_pennies_from_heaven, serial_shops, shop
D:2:      layout_basic, serial_shops, nicolae_shop_crystal,
          small_statue_intersection

Skill      XL: |  1  2 |
---------------+-------+-----
Short Blades   | 1 |  1.0
Fighting       | |  0.2
Dodging        | |  2.3
Stealth        | |  2.9
Spellcasting   | |  2.9

Action                   || total
-------------------------++-------
Melee: Dagger            ||    42
 Cast: Corona            ||     6
       Ensorcelled Hiber ||    10
  Use: Scroll            ||     3
 Stab: Sleeping          ||    11
Armor: Robe              ||    10
Dodge: Dodged            ||    28
